[Event "Titled Tuesday Blitz August 08 Late 2023"]
[White "Pinto, Daniel"]
[Black "Tristan, Leonardo"]
[WhiteFideId "3303144"]
[BlackFideId "113816"]
[WhiteElo "2443"]
[BlackElo "2761"]
[Result "0-1"]
[Round "11"]
[TimeControl "180+1"]
[Date "2023.08.08"]
[WhiteClock "0:00:00"]
[BlackClock "0:00:49"]
[Board "39"]

1. e4 d5 2. exd5 Qxd5 3. Nc3 Qa5 4. Nf3 Nf6 5. Bc4 Nc6 6. O-O Bg4 7. h3 Bh5 8. Be2 O-O-O 9. d3 Bxf3 10. Bxf3 Nd4 11. Be3 Nxf3+ 12. Qxf3 e6 13. a3 Qf5 14. Qxf5 exf5 15. Bg5 Be7 16. Rfe1 Rhe8 17. Re2 Ng8 18. Rae1 Kd7 19. Bf4 c6 20. d4 Nf6 21. Be5 g6 22. Na4 b6 23. c4 Ne4 24. f3 Nd6 25. b3 Bh4 26. g3 Be7 27. Kf2 Bf8 28. Nb2 Re6 29. d5 cxd5 30. cxd5 Ree8 31. b4 Nb5 32. a4 Nc7 33. Bxc7 Rxe2+ 34. Rxe2 Kxc7 35. Rc2+ Kb7 36. Nd3 Rxd5 37. Ke3 Rd7 38. f4 Bg7 39. Rc4 a6 40. b5 axb5 41. axb5 Rd5 42. Rb4 Bf8 43. Rc4 Bc5+ 44. Nxc5+ bxc5 45. Kf3 Kb6 46. Ra4 Rd7 47. Ra8 Kxb5 48. Rh8 h5 49. g4 hxg4+ 50. hxg4 fxg4+ 51. Kxg4 Rc7 52. Rb8+ Ka4 0-1


[Site "https://www.chess.com"]

[Event "Titled Tuesday Blitz August 08 Late 2023"]
[White "Annaberdiyev, Meylis"]
[Black "Shapiro, Viktor"]
[WhiteFideId "14000563"]
[BlackFideId "4175700"]
[WhiteElo "2664"]
[BlackElo "2558"]
[Result "1-0"]
[Round "11"]
[TimeControl "180+1"]
[Date "2023.08.08"]
[WhiteClock "0:00:14"]
[BlackClock "0:00:14"]
[Board "40"]

1. e4 Nf6 2. e5 Nd5 3. d4 d6 4. c4 Nb6 5. exd6 cxd6 6. Nc3 g6 7. Be3 Bg7 8. Rc1 O-O 9. b3 f5 10. d5 e5 11. dxe6 Nc6 12. Nf3 f4 13. Bd2 Bxe6 14. Be2 d5 15. c5 Nd7 16. Nb5 g5 17. h4 h6 18. hxg5 hxg5 19. Nd6 Nxc5 20. Rxc5 Qxd6 21. Nxg5 Qxc5 22. Nxe6 Qe7 23. Nxf8 Rxf8 24. Kf1 Rd8 25. Qb1 Qf6 26. Rh5 Nd4 27. Qh7+ Kf8 28. Bb4+ Ke8 29. Qg8+ Bf8 30. Bg4 Qf7 31. Re5+ 1-0


[Site "https://www.chess.com"]

[Event "Titled Tuesday Blitz August 08 Late 2023"]
[White "Weishaeutel, Moritz"]
[Black "Grossboss19"]
[WhiteFideId "12967300"]
[WhiteElo "2645"]
[BlackElo "2536"]
[Result "1-0"]
[Round "11"]
[TimeControl "180+1"]
[Date "2023.08.08"]
[WhiteClock "0:00:08"]
[BlackClock "0:00:07"]
[Board "41"]

1. e4 c6 2. Nf3 d5 3. Nc3 Nf6 4. e5 Nfd7 5. e6 fxe6 6. d4 g6 7. Bd3 Bg7 8. h4 e5 9. dxe5 Nxe5 10. Nxe5 Bxe5 11. h5 Qd6 12. Be3 Bf5 13. Bxf5 gxf5 14. Qd3 d4 15. O-O-O dxc3 16. Qc4 cxb2+ 17. Kb1 Qf6 18. f4 Bd6 19. Bd4 Qf8 20. Bxh8 Qxh8 21. Rhe1 Kd8 22. Qb3 Kc7 23. Qf7 Nd7 24. Qxf5 b6 25. Rxe7 Rd8 26. Rxh7 Qc3 27. Qd3 Qf6 28. Qg6 Qxf4 29. Rh6 Ne5 30. Qf6 Qxf6 31. Rxf6 Nc4 32. a4 Rd7 33. h6 Rh7 34. Rg6 Be5 35. Ka2 b5 36. axb5 cxb5 37. Re1 a5 38. Rxe5 Rxh6 39. Rxh6 Nxe5 40. Rh5 Nc4 41. Rxb5 Kc6 42. Rb8 a4 43. Rxb2 Nxb2 44. Kxb2 Kb5 45. Ka3 Kc4 46. Kxa4 Kc3 47. Kb5 Kxc2 48. g4 Kd3 49. g5 Ke4 50. g6 Kf5 51. g7 1-0


[Site "https://www.chess.com"]

[Event "Titled Tuesday Blitz August 08 Late 2023"]
[White "brm72"]
[Black "Goltsev, Dmitry"]
[BlackFideId "24176710"]
[WhiteElo "2536"]
[BlackElo "2622"]
[Result "1/2-1/2"]
[Round "11"]
[TimeControl "180+1"]
[Date "2023.08.08"]
[WhiteClock "0:00:07"]
[BlackClock "0:00:14"]
[Board "42"]

1. e4 e6 2. d4 d5 3. e5 c5 4. c3 Nc6 5. Nf3 Nge7 6. Na3 Nf5 7. Nc2 h5 8. Bd3 Be7 9. O-O g5 10. dxc5 g4 11. Nfd4 Bxc5 12. Nxf5 exf5 13. Be3 Be7 14. Bf4 Be6 15. Nd4 Nxd4 16. cxd4 h4 17. Rc1 Kf8 18. f3 g3 19. hxg3 hxg3 20. Bxg3 Bg5 21. f4 Be7 22. Kf2 Kg7 23. Rh1 Qb6 24. Ke3 Qxb2 25. Rb1 Qxa2 26. Rxb7 Ba3 27. Bh4 Rh6 28. Bg5 Rah8 29. Bxh6+ Rxh6 30. Rxh6 Kxh6 31. Rb1 a5 32. Qf3 Bb4 33. Rd1 Kg7 34. Qg3+ Kf8 35. Qf2 Qb3 36. Qc2 Qa3 37. Rb1 Kg7 38. Qb3 Qxb3 39. Rxb3 Bd7 40. Rb1 Kg6 41. g4 Bc3 42. Rg1 a4 43. gxf5+ Kh6 44. f6 Kh5 45. f5 Kh4 46. Bc2 a3 47. Kd3 Bb2 48. Bb3 Bxf5+ 49. Kd2 Bxd4 50. Rg7 Bxe5 51. Rxf7 Be4 52. Rf8 Bg6 53. Bxd5 Bf4+ 54. Ke2 Kg5 55. f7 Kf6 56. Rg8 Bxf7 57. Rf8 Bd6 58. Rxf7+ Ke5 59. Ba2 Kd4 60. Kd1 Kc3 61. Kc1 Kd4 62. Kb1 Kc5 63. Kc2 Kd4 64. Kb3 Ke5 65. Rd7 Ke6 66. Rb7 Kd5 67. Ka4+ Kc6 68. Rb5 Kd7 69. Rh5 Kc6 70. Kb3 Kd7 71. Kc4 Ke6 72. Kb5+ Kf6 73. Kc6 Be5 74. Kd5 Bb2 75. Rh3 Kf5 76. Rf3+ Kg4 77. Ke4 Kg5 78. Rf7 Kg6 79. Kf4 Bc1+ 80. Kg4 Bb2 81. Rf3 Bc1 82. Bf7+ Kg7 83. Kh5 Bb2 84. Rf5 Kf8 85. Bb3+ Ke7 86. Kg6 Kd6 87. Kf7 Bc1 88. Ba2 Bb2 89. Rd5+ Kc6 90. Ke6 Bc1 91. Rd3 Bb2 92. Rd1 Kc5 93. Kf5 Bc3 94. Ke4 Bb2 95. Kd3 Kd6 96. Ke4+ Kc5 97. Rd5+ Kc6 98. Kd3 Bc1 99. Ra5 Bb2 100. Ra4 Kc5 101. Rc4+ Kd6 102. Ke4 Ba1 103. Ra4 Bb2 104. Ra5 Kc6 105. Rh5 Kd6 106. Rh6+ Kc5 107. Kd3 Bc1 108. Rh5+ 1/2-1/2


[Site "https://www.chess.com"]

[Event "Titled Tuesday Blitz August 08 Late 2023"]
[White "ElDivis"]
[Black "Golubev, Mikhail"]
[BlackFideId "14100983"]
[WhiteElo "2527"]
[BlackElo "2612"]
[Result "1-0"]
[Round "11"]
[TimeControl "180+1"]
[Date "2023.08.08"]
[WhiteClock "0:00:18"]
[BlackClock "0:00:00"]
[Board "43"]

1. e4 c5 2. Nf3 d6 3. d4 Nf6 4. Nc3 cxd4 5. Nxd4 g6 6. Be3 Bg7 7. f3 Nc6 8. Qd2 O-O 9. Nb3 Be6 10. O-O-O Ne5 11. Kb1 Rc8 12. h4 h5 13. Nd5 Nxd5 14. exd5 Bd7 15. g4 Nxf3 16. Qg2 Bxg4 17. Be2 Ne5 18. Bd4 Qd7 19. Rdg1 Qf5 20. Bxg4 Nxg4 21. Rf1 Qd7 22. Qe4 Rc4 23. Qd3 b5 24. Rhg1 Ne5 25. Qd1 a5 26. Bxe5 dxe5 27. Nxa5 Rd4 28. Qe2 Qxd5 29. Nb3 Rxh4 30. Rd1 Qe4 31. Qxb5 Rh2 32. Qc5 h4 33. Rge1 Qf5 34. Rf1 Qe4 35. Rde1 Qg4 36. Qxe7 Qc4 37. Qc5 Rxc2 38. Qxc4 Rxc4 39. Nd2 Rd4 40. Ne4 f5 41. Ng5 Re8 42. Rg1 e4 43. Nf3 Rb4 44. Re2 Rxb2+ 45. Rxb2 Bxb2 46. Nxh4 Kf7 47. Kxb2 Rh8 48. Nxg6 Rh2+ 49. Kc3 Kf6 50. Nf4 Ke5 51. Ng6+ Kf6 52. a4 e3 53. Nf4 Ra2 54. Kb3 Rf2 55. Nd3 1-0


[Site "https://www.chess.com"]

[Event "Titled Tuesday Blitz August 08 Late 2023"]
[White "Erzhanov, Arman"]
[Black "chess123456s"]
[WhiteFideId "4138821"]
[WhiteElo "2599"]
[BlackElo "2523"]
[Result "1-0"]
[Round "11"]
[TimeControl "180+1"]
[Date "2023.08.08"]
[WhiteClock "0:02:10"]
[BlackClock "0:01:54"]
[Board "44"]

1. e4 e5 2. Nf3 Nc6 3. Bb5 a6 4. Bxc6 dxc6 5. Nc3 f6 6. d4 exd4 7. Nxd4 c5 8. Nde2 Qxd1+ 9. Nxd1 Ne7 10. Bf4 c6 11. Ne3 Ng6 12. Bg3 h5 13. Nc4 Be6 14. Nb6 Rd8 15. Bc7 Rd4 16. Nxd4 cxd4 17. O-O-O Bc5 18. Na4 Ba7 19. Bb6 Bxb6 20. Nxb6 c5 21. Na4 c4 22. Rxd4 b5 23. Nc5 Bf7 24. Nxa6 O-O 25. Nc7 Ne5 26. Nxb5 Ra8 27. a3 Nc6 28. Rd7 Ne5 29. Rc7 Ng4 30. f3 Ne3 31. g3 Rd8 32. Re1 Ng2 33. Re2 1-0


[Site "https://www.chess.com"]

[Event "Titled Tuesday Blitz August 08 Late 2023"]
[White "D`Arruda, Ricardo D."]
[Black "Bilan, Danila"]
[WhiteFideId "100692"]
[BlackFideId "24161918"]
[WhiteElo "2513"]
[BlackElo "2591"]
[Result "1-0"]
[Round "11"]
[TimeControl "180+1"]
[Date "2023.08.08"]
[WhiteClock "0:00:06"]
[BlackClock "0:00:03"]
[Board "45"]

1. Nf3 d5 2. d4 Nf6 3. c4 c6 4. e3 e6 5. Nc3 Nbd7 6. Bd3 Bd6 7. O-O e5 8. cxd5 cxd5 9. e4 O-O 10. dxe5 Nxe5 11. Nxe5 Bxe5 12. Nxd5 Be6 13. Bg5 Bxd5 14. exd5 Qd6 15. Bxf6 Qxf6 16. Rb1 b6 17. b3 Rfe8 18. g3 Bd4 19. Bb5 Re7 20. Bc6 Rd8 21. Qc2 g6 22. Rbe1 Rd6 23. Kg2 Qg5 24. Re2 Rxe2 25. Qxe2 Kg7 26. f4 Qf6 27. Rd1 Bc5 28. Qe5 Rd8 29. Re1 Bd6 30. Qxf6+ Kxf6 31. Kf3 Bc5 32. Re4 Bd6 33. b4 h6 34. h4 Rf8 35. a4 Rd8 36. a5 h5 37. a6 Rf8 38. b5 Rd8 39. g4 hxg4+ 40. Kxg4 Rf8 41. Re3 Rh8 42. Rf3 Rh5 43. Bd7 Rxd5 44. f5 Rd4+ 45. Kh3 g5 46. hxg5+ Kxg5 47. f6 Rd2 48. Rf5+ Kg6 49. Rf3 Be5 50. Bc6 Bxf6 51. Kg4 Bg5 52. Be4+ Kh6 53. Kf5 f6 54. Rh3+ Kg7 55. Ke6 Re2 56. Rh7+ Kg8 57. Rxa7 Rxe4+ 58. Kf5 Ra4 59. Kg6 Kf8 60. Rb7 Be3 61. Kxf6 Ke8 62. Ke6 Bd4 63. Kd6 Kd8 64. Rb8# 1-0


[Site "https://www.chess.com"]

[Event "Titled Tuesday Blitz August 08 Late 2023"]
[White "Zeman, Matyas"]
[Black "Altman, Joshua"]
[WhiteFideId "364398"]
[BlackFideId "426210"]
[WhiteElo "2512"]
[BlackElo "2582"]
[Result "0-1"]
[Round "11"]
[TimeControl "180+1"]
[Date "2023.08.08"]
[WhiteClock "0:00:40"]
[BlackClock "0:01:07"]
[Board "46"]

1. d4 Nf6 2. c4 e6 3. Nf3 b6 4. g3 Bb7 5. Bg2 Bb4+ 6. Bd2 Bxd2+ 7. Nbxd2 c5 8. O-O O-O 9. d5 exd5 10. Nh4 Bc6 11. cxd5 Bxd5 12. e4 Bc6 13. e5 Bxg2 14. Kxg2 Ne8 15. Ne4 Nc6 16. f4 Nd4 17. Nf3 Nf5 18. Qd2 d5 19. Rad1 dxe4 0-1


[Site "https://www.chess.com"]

[Event "Titled Tuesday Blitz August 08 Late 2023"]
[White "Graif, William"]
[Black "Reprintsev, Alexander"]
[WhiteFideId "2609835"]
[BlackFideId "14100541"]
[WhiteElo "2561"]
[BlackElo "2505"]
[Result "1-0"]
[Round "11"]
[TimeControl "180+1"]
[Date "2023.08.08"]
[WhiteClock "0:00:45"]
[BlackClock "0:02:05"]
[Board "47"]

1. e4 d5 2. d4 dxe4 3. Nc3 e5 4. Qh5 Qxd4 5. Be3 Qd6 6. Nxe4 Qe7 7. O-O-O Nf6 8. Nxf6+ gxf6 9. Bc4 Nc6 10. Bc5 Bg4 11. Qxg4 Bh6+ 12. Kb1 f5 13. Qxf5 1-0


[Site "https://www.chess.com"]

[Event "Titled Tuesday Blitz August 08 Late 2023"]
[White "Berezin, Viktor"]
[Black "Adan Bermudez, Sergio"]
[WhiteFideId "14107872"]
[BlackFideId "2292726"]
[WhiteElo "2490"]
[BlackElo "2560"]
[Result "1-0"]
[Round "11"]
[TimeControl "180+1"]
[Date "2023.08.08"]
[WhiteClock "0:00:49"]
[BlackClock "0:00:00"]
[Board "48"]

1. g3 d5 2. Bg2 c6 3. d3 Nf6 4. Nd2 e5 5. Ngf3 Bd6 6. e4 O-O 7. O-O Bg4 8. h3 Bh5 9. c3 Nbd7 10. Re1 dxe4 11. dxe4 Nc5 12. Qc2 Bc7 13. Nc4 Bxf3 14. Bxf3 Qd3 15. Qxd3 Nxd3 16. Re3 Nxc1 17. Rxc1 Rad8 18. Re2 b5 19. Ne3 a5 20. Nf5 Rfe8 21. g4 g6 22. Ng3 Rd3 23. Kg2 Red8 24. Rcc2 h6 25. Re1 Nd7 26. Be2 Rd6 27. b4 Nf8 28. Kf3 Ne6 29. a3 Nf4 30. Bf1 Bb6 31. h4 a4 32. h5 Rf6 33. g5 hxg5 34. Kg4 Bxf2 35. Rxf2 gxh5+ 36. Nxh5 Nxh5 37. Rxf6 Nxf6+ 38. Kxg5 Kg7 39. Kf5 Nd7 40. Rd1 Kf8 41. Rd6 Ke7 42. Rxc6 Rh8 43. Bxb5 Kf8 44. Rc8+ 1-0


[Site "https://www.chess.com"]

[Event "Titled Tuesday Blitz August 08 Late 2023"]
[White "Delorme, Axel"]
[Black "Fiorito, Joaquin"]
[WhiteFideId "632023"]
[BlackFideId "180173"]
[WhiteElo "2490"]
[BlackElo "2674"]
[Result "1-0"]
[Round "11"]
[TimeControl "180+1"]
[Date "2023.08.08"]
[WhiteClock "0:00:14"]
[BlackClock "0:00:14"]
[Board "49"]

1. e4 c5 2. Nf3 d6 3. Bb5+ Nd7 4. Ba4 Nf6 5. O-O g6 6. Re1 Bg7 7. c3 O-O 8. d4 cxd4 9. cxd4 a6 10. Nc3 b5 11. Bb3 Bb7 12. a3 Rc8 13. h3 Nb6 14. e5 dxe5 15. dxe5 Nfd5 16. Nxd5 Bxd5 17. Be3 Bxb3 18. Qxb3 Nc4 19. Rad1 Qc7 20. Bd4 Rfd8 21. e6 Bxd4 22. Rxd4 Rxd4 23. exf7+ Kxf7 24. Nxd4 Qf4 25. Nf3 Kf8 26. a4 Nd6 27. axb5 axb5 28. g3 Qf7 29. Qe3 Nf5 30. Qe5 Qf6 31. Qxb5 Rd8 32. Qe5 Kf7 33. g4 Nd6 34. Ng5+ Kg8 35. Qxe7 Qxe7 36. Rxe7 h6 37. Ne6 Rb8 38. Rg7+ Kh8 39. Rxg6 Nf7 40. Rf6 Kg8 41. h4 Rxb2 42. g5 hxg5 43. hxg5 Rb6 44. g6 Rb1+ 45. Kg2 Rb7 46. Rxf7 Rb8 47. Rf8+ Rxf8 48. Nxf8 Kxf8 49. f4 Kg7 50. f5 Kf6 51. Kf3 Kxf5 52. g7 Kg6 53. g8=Q+ Kf6 54. Qd5 Ke7 55. Qc6 Kd8 56. Qb7 Ke8 57. Ke4 Kf8 58. Ke5 Kg8 59. Ke6 Kh8 60. Kf6 Kg8 61. Qg7# 1-0


[Site "https://www.chess.com"]

[Event "Titled Tuesday Blitz August 08 Late 2023"]
[White "Vovk, Orest"]
[Black "Eugene, Floryan"]
[WhiteFideId "14113490"]
[BlackFideId "20694784"]
[WhiteElo "2473"]
[BlackElo "2643"]
[Result "1-0"]
[Round "11"]
[TimeControl "180+1"]
[Date "2023.08.08"]
[WhiteClock "0:00:05"]
[BlackClock "0:00:05"]
[Board "50"]

1. e4 c5 2. c3 d5 3. exd5 Qxd5 4. d4 Nc6 5. dxc5 Qxd1+ 6. Kxd1 Bf5 7. Be3 O-O-O+ 8. Nd2 Nf6 9. Nf3 e6 10. Bb5 Nd5 11. Bxc6 Nxe3+ 12. fxe3 bxc6 13. Ke2 Bxc5 14. e4 Bg4 15. Nb3 Bb6 16. h3 Bh5 17. Rhd1 f6 18. Rxd8+ Rxd8 19. Rd1 e5 20. Rxd8+ Kxd8 21. g4 Bf7 22. Kd3 h5 23. Nbd2 hxg4 24. hxg4 g5 25. Nc4 Be6 26. Nxb6 axb6 27. Nh2 Bxa2 28. Nf1 b5 29. Ke3 Bc4 30. Nd2 Be6 31. Kf3 Kd7 32. b4 Ba2 33. Nf1 Bb3 34. Ne3 Ke6 35. Ke2 Kf7 36. Kd3 Be6 37. Kd2 Ba2 38. Ke2 Bb1 39. Kf3 Bd3 40. Nf5 Bc2 41. Nd6+ Ke7 42. Nb7 Bb3 43. Na5 Bd1+ 44. Kg3 Kd7 45. Nb7 Bc2 46. Kf2 Ke7 47. Nc5 Bd1 48. Kg3 Kd6 49. Kh3 Be2 50. Kg3 Bc4 51. Nb7+ Kc7 52. Nc5 Bf7 53. Kf3 Kd6 54. Ke3 Ba2 55. Kf2 Bb1 56. Kf3 Ke7 57. Nb7 Kf7 58. Na5 f5 59. exf5 e4+ 60. Ke3 Bc2 61. Nxc6 Bd1 62. Kxe4 Kf6 63. Ne5 Bc2+ 64. Kd4 Bb3 65. Nf3 Bd1 66. Ke3 Bb3 67. Nd2 Bd1 68. Ne4+ Ke5 69. Nf2 Bb3 70. Kd2 Bc4 71. Ke3 Bb3 72. Ne4 Bd1 73. f6 Ke6 74. Nxg5+ Kxf6 75. Kf4 Kg6 76. Nf3 Bb3 77. Nd4 Bc4 78. Ke5 Bd3 79. Kd6 Kg5 80. Kc5 Kxg4 81. Nxb5 Kf5 82. Nd6+ Ke6 83. c4 Kd7 84. b5 Kc7 85. Nf7 Be4 86. Ne5 Bf3 87. Nf7 Kb7 88. Nd6+ Kc7 89. b6+ Kb8 90. Kb4 Bc6 91. c5 Ka8 92. Kc3 Kb8 93. Kd4 Ka8 94. Ke5 Kb8 95. Kf6 Ka8 96. Ke7 Kb8 97. Kd8 Bd5 98. Nf5 Bc6 99. Ne7 Be4 100. Kd7 Kb7 101. Kd6 Bf3 102. Nd5 Kb8 103. c6 Bg4 104. Nb4 Bc8 105. Kc5 Ka8 106. Nd5 Kb8 107. Ne7 Ba6 108. Kd6 Ka8 109. Kc7 Bc8 110. b7+ Ka7 111. b8=Q+ Ka6 112. Qb6# 1-0


[Site "https://www.chess.com"]

[Event "Titled Tuesday Blitz August 08 Late 2023"]
[White "Arnold, Ken"]
[Black "Fisher_TheGalactic"]
[WhiteFideId "2056836"]
[WhiteElo "2465"]
[BlackElo "2631"]
[Result "0-1"]
[Round "11"]
[TimeControl "180+1"]
[Date "2023.08.08"]
[WhiteClock "0:00:15"]
[BlackClock "0:00:15"]
[Board "51"]

1. d4 d5 2. Nf3 Nf6 3. c3 e6 4. Bf4 c5 5. e3 Nc6 6. Nbd2 Bd6 7. Bxd6 Qxd6 8. Bd3 O-O 9. O-O e5 10. dxe5 Nxe5 11. Nxe5 Qxe5 12. Qf3 Qe7 13. c4 Bg4 14. Qg3 Rad8 15. h3 dxc4 16. Nxc4 Rxd3 17. hxg4 Rfd8 18. b3 Ne4 19. Qe5 Qxe5 20. Nxe5 Rd2 21. Nf3 Rb2 22. Rad1 Rxd1 23. Rxd1 g6 24. Rd8+ Kg7 25. Rd7 Rb1+ 26. Kh2 Nxf2 27. Ne5 Kf6 28. Rxf7+ Kxe5 29. Rxf2 Ke6 30. Kg3 b5 31. Kf4 Kd5 32. Rd2+ Kc6 33. Ke4 Rf1 34. g5 Rf5 35. Rd8 Rxg5 36. Kf3 Rf5+ 37. Ke2 Rg5 38. Kf3 Rd5 39. Rc8+ Kb6 40. Rb8+ Kc6 41. Rc8+ Kb7 42. Rh8 Rd7 43. Ke4 c4 44. bxc4 bxc4 45. Rf8 Kb6 46. Rf1 Kc5 47. Rc1 Kb4 48. Ke5 c3 49. e4 Rd2 50. g4 c2 51. Kf6 Kc3 52. e5 Rd1 53. Rxc2+ Kxc2 54. e6 Re1 55. e7 h5 56. g5 h4 57. Kf7 h3 0-1


[Site "https://www.chess.com"]

[Event "Titled Tuesday Blitz August 08 Late 2023"]
[White "Pert, Richard G"]
[Black "KrokerGuy"]
[WhiteFideId "404748"]
[WhiteElo "2568"]
[BlackElo "2458"]
[Result "1-0"]
[Round "11"]
[TimeControl "180+1"]
[Date "2023.08.08"]
[WhiteClock "0:00:28"]
[BlackClock "0:00:00"]
[Board "52"]

1. d4 d5 2. Nc3 Nf6 3. e4 Nxe4 4. Nxe4 dxe4 5. Bc4 Bf5 6. g4 Bg6 7. Ne2 e5 8. c3 exd4 9. h4 d3 10. Nf4 h6 11. Nxg6 fxg6 12. Qb3 Qc8 13. Bf7+ Kd8 14. Qd5+ Bd6 15. Bf4 Nc6 16. Be6 Qb8 17. O-O-O Ne7 18. Qxe4 Rf8 19. Rxd3 Ke8 20. Be5 Bxe5 21. Qxe5 Rf6 22. Re1 c6 23. Bd7+ Kf7 24. Qxe7+ Kg8 25. Be6+ Kh7 26. Rd7 Qf4+ 27. Kb1 1-0


[Site "https://www.chess.com"]

[Event "Titled Tuesday Blitz August 08 Late 2023"]
[White "Veiga, Jose Francisco R P Neves"]
[Black "Omariev, Maksim"]
[WhiteFideId "1930087"]
[BlackFideId "4193423"]
[WhiteElo "2566"]
[BlackElo "2458"]
[Result "1/2-1/2"]
[Round "11"]
[TimeControl "180+1"]
[Date "2023.08.08"]
[WhiteClock "0:01:23"]
[BlackClock "0:00:09"]
[Board "53"]

1. e4 c5 2. Nf3 d6 3. d4 cxd4 4. Nxd4 Nf6 5. Nc3 a6 6. g3 e6 7. Bg2 Be7 8. O-O O-O 9. h3 Qc7 10. Be3 Nc6 11. g4 Nd7 12. f4 b5 13. a3 Bb7 14. f5 Nxd4 15. Bxd4 Nb6 16. f6 gxf6 17. Bxf6 Bxf6 18. Rxf6 Qc5+ 19. Kh1 Nc4 20. Qc1 Ne3 21. Rf3 Nxg2 22. Kxg2 Rac8 23. Qh6 Qe5 24. Re1 a5 25. Nd5 Rxc2+ 26. Kf1 Bxd5 27. exd5 Qxd5 28. Qf6 Qd2 29. Rg3 Rfc8 30. g5 R8c4 31. Qd8+ Kg7 32. Qf6+ Kg8 33. Qd8+ Kg7 34. Qf6+ Kg8 1/2-1/2


[Site "https://www.chess.com"]

[Event "Titled Tuesday Blitz August 08 Late 2023"]
[White "Chen, Max"]
[Black "Luczak, Filip"]
[WhiteFideId "2622440"]
[BlackFideId "1193686"]
[WhiteElo "2562"]
[BlackElo "2456"]
[Result "0-1"]
[Round "11"]
[TimeControl "180+1"]
[Date "2023.08.08"]
[WhiteClock "0:00:00"]
[BlackClock "0:00:53"]
[Board "54"]

1. e4 g6 2. d4 Bg7 3. Nc3 c5 4. d5 a6 5. a4 d6 6. Nf3 Bg4 7. h3 Bxf3 8. Qxf3 Nd7 9. Be2 Ngf6 10. O-O O-O 11. g4 Qa5 12. Bd2 Qb6 13. Rab1 Rac8 14. Qg3 c4 15. Be3 Nc5 16. g5 Nfd7 17. Bxc4 Qb4 18. Bd3 Bxc3 19. bxc3 Qxc3 20. Bc1 Qe5 21. f4 Qd4+ 22. Kh1 Nxe4 23. Qf3 Nc3 24. Bb2 Qxd5 25. Bxc3 Qxf3+ 26. Rxf3 Rxc3 27. Rxb7 Rd8 28. Ra7 Kf8 29. Rxa6 Nc5 30. Ra7 Rb8 31. Kg2 Rb2 32. Kg3 Ra2 33. a5 Rca3 34. Ra8+ Kg7 35. Ra7 e6 36. a6 Nxa6 37. Rd7 d5 38. c4 Nc5 39. cxd5 Nxd7 40. dxe6 fxe6 41. Bb5 Rxf3+ 42. Kxf3 Ra3+ 43. Ke4 Nc5+ 44. Kd4 Nb7 45. Bc6 Nd6 46. Ke5 Nf7+ 47. Kxe6 Rxh3 48. f5 Nxg5+ 49. Ke7 Re3+ 50. Kd7 gxf5 51. Kd6 Kf6 52. Kc5 Ke5 53. Kb6 Kd6 54. Bb5 Rb3 55. Ka5 Rb4 56. Kxb4 Ke5 57. Kc3 Kf4 58. Kd2 Kg3 59. Ke2 f4 60. Be8 f3+ 61. Ke3 f2 62. Ke2 Nf3 63. Bb5 Nd4+ 64. Kf1 Nxb5 65. Ke2 Kg2 66. Ke3 h5 67. Ke4 h4 68. Kd5 h3 69. Ke5 h2 70. Ke4 Nc3+ 71. Ke5 Nb1 72. Kd5 Nd2 73. Kc5 Nf1 74. Kd4 Ng3 75. Kd5 Nh1 76. Kd4 f1=N 77. Kd5 Nhg3 78. Kc5 h1=N 79. Kb4 Nf2 80. Kb5 Kf3 81. Kb4 Ne3 82. Kc5 Ke2 83. Kb5 Nge4 84. Kb4 Kd3 85. Ka5 Nfg4 86. Kb6 Ne5 87. Kb5 Kd4 0-1


[Site "https://www.chess.com"]

[Event "Titled Tuesday Blitz August 08 Late 2023"]
[White "Santos Flores, Alberto"]
[Black "Mesa Cruz, Juan Carlos"]
[WhiteFideId "3601234"]
[BlackFideId "6423400"]
[WhiteElo "2548"]
[BlackElo "2429"]
[Result "1-0"]
[Round "11"]
[TimeControl "180+1"]
[Date "2023.08.08"]
[WhiteClock "0:00:33"]
[BlackClock "0:00:48"]
[Board "55"]

1. e4 c5 2. Nf3 d6 3. Bb5+ Nd7 4. d4 cxd4 5. Qxd4 a6 6. Bxd7+ Bxd7 7. Nc3 Nf6 8. Bg5 Rc8 9. O-O-O Qa5 10. Kb1 h6 11. Bxf6 gxf6 12. Nd5 Qc5 13. c3 Qxd4 14. Nxd4 Rg8 15. g3 h5 16. h4 Rg4 17. Rhe1 Bg7 18. Nf5 Bf8 19. Nf4 Rc4 20. Ne3 Rxf4 21. gxf4 Rxe4 22. Nd5 f5 23. f3 Rc4 24. b3 Rc5 25. c4 b5 26. Nf6+ Kd8 27. Nxd7 Kxd7 28. cxb5 axb5 29. Rc1 Rxc1+ 30. Rxc1 Bh6 31. a4 bxa4 32. bxa4 Bxf4 33. Rc3 d5 34. a5 d4 35. Rc4 Bc7 36. Rxd4+ Kc6 37. Rc4+ Kb7 38. Rc5 e6 39. Kc2 Bd6 40. Rc4 e5 41. Kb3 Bc7 42. Ka4 e4 43. fxe4 f4 44. Kb5 f3 45. a6+ Kb8 46. Rc3 f2 47. Rf3 Bg3 48. Rxf7 Bxh4 49. Kb6 Bd8+ 50. Kc6 Bh4 51. a7+ Ka8 52. Kb6 Bd8+ 53. Ka6 h4 54. Rxf2 h3 55. Rf8 1-0


[Site "https://www.chess.com"]

[Event "Titled Tuesday Blitz August 08 Late 2023"]
[White "Eggleston, Thomas A"]
[Black "Hajiyev, Kanan"]
[WhiteFideId "412139"]
[BlackFideId "13404148"]
[WhiteElo "2400"]
[BlackElo "2545"]
[Result "0-1"]
[Round "11"]
[TimeControl "180+1"]
[Date "2023.08.08"]
[WhiteClock "0:00:00"]
[BlackClock "0:00:08"]
[Board "56"]

1. e4 c6 2. Nc3 d5 3. Nf3 a6 4. g3 Bg4 5. Bg2 e6 6. h3 Bh5 7. d3 Nf6 8. Qe2 Bb4 9. O-O O-O 10. Bg5 Be7 11. g4 Bg6 12. Ne5 Nxe4 13. Nxe4 Bxg5 14. Nxg5 Qxg5 15. f4 Qh4 16. f5 exf5 17. gxf5 Bh5 18. Qf2 Qxf2+ 19. Rxf2 Re8 20. Ng4 f6 21. Nh2 Nd7 22. Nf1 a5 23. Ng3 Bf7 24. Rd1 a4 25. c4 a3 26. b3 d4 27. Ne4 Ne5 28. Nd6 Re7 29. Nxf7 Kxf7 30. b4 Ra4 31. b5 cxb5 32. Bd5+ Ke8 33. cxb5 Rb4 34. Rc2 Rxb5 35. Be6 Nc6 36. Rc4 g5 37. Ra4 Ra5 38. Rxa5 Nxa5 39. Rc1 Nc6 40. Rc4 Kd8 41. Ra4 Kc7 42. Rxa3 Kd6 43. Kf2 Ne5 44. Rb3 h5 45. a4 Kc5 46. Rb5+ Kc6 47. Rb3 Rg7 48. Ke2 b6 49. Rb4 Kc5 50. Rb5+ Kc6 51. Rb4 g4 52. Rxd4 g3 53. Re4 g2 0-1


[Site "https://www.chess.com"]

[Event "Titled Tuesday Blitz August 08 Late 2023"]
[White "Slaby, Jerzy"]
[Black "kiwibobo"]
[WhiteFideId "1121405"]
[WhiteElo "2532"]
[BlackElo "2395"]
[Result "1-0"]
[Round "11"]
[TimeControl "180+1"]
[Date "2023.08.08"]
[WhiteClock "0:01:10"]
[BlackClock "0:00:50"]
[Board "57"]

1. e4 e5 2. Nf3 Nc6 3. Bb5 a6 4. Bxc6 dxc6 5. O-O Qd6 6. Na3 Be6 7. Qe2 f6 8. Rd1 Be7 9. d4 O-O-O 10. Be3 Bg4 11. dxe5 Qe6 12. Rxd8+ Bxd8 13. Nd4 Qd7 14. f3 fxe5 15. Nb3 Be6 16. Nc5 Qe8 17. Nxa6 bxa6 18. Qxa6+ Kd7 19. Bc5 Be7 20. Rd1+ Bd6 21. Bxd6 cxd6 22. Qb7+ Kd8 23. Rxd6+ Bd7 24. Nc4 Nf6 25. Qxc6 Ke7 26. Qc5 Kf7 27. Nxe5+ Kg8 28. Nxd7 Nxd7 29. Qd5+ Qf7 30. Rxd7 1-0


[Site "https://www.chess.com"]

[Event "Titled Tuesday Blitz August 08 Late 2023"]
[White "Papayan, Oleg"]
[Black "Muhammad Shahzeb"]
[WhiteFideId "4193911"]
[BlackFideId "7804806"]
[WhiteElo "2531"]
[BlackElo "2400"]
[Result "1-0"]
[Round "11"]
[TimeControl "180+1"]
[Date "2023.08.08"]
[WhiteClock "0:00:13"]
[BlackClock "0:00:00"]
[Board "58"]

1. e4 d5 2. exd5 Nf6 3. d4 Nxd5 4. c4 Nb6 5. c5 N6d7 6. Nf3 e5 7. dxe5 Bxc5 8. Bc4 O-O 9. O-O Nc6 10. Bf4 Nb6 11. Bb5 Nd4 12. Nxd4 Qxd4 13. Qxd4 Bxd4 14. Nc3 c6 15. Be2 Re8 16. Rad1 Bxc3 17. bxc3 Nd5 18. Bd2 Rxe5 19. Bf3 Be6 20. Rb1 Nb6 21. Be3 Bxa2 22. Rb2 Bd5 23. Ra1 Bxf3 24. Rxb6 Bd5 25. Rxb7 a5 26. Rxa5 Rae8 27. h3 h6 28. Raa7 Re4 29. Rc7 Rc4 30. Bd4 Re1+ 31. Kh2 Re4 32. Ra8+ Kh7 33. Rcc8 Re2 34. Rh8+ Kg6 35. Rag8 f6 36. Rd8 Re7 37. Rd6 Ra4 38. Rf8 Rf7 39. Rc8 Re7 40. Kg3 Ra1 41. h4 Ra3 42. f3 Kf7 43. Rdd8 Rb3 44. h5 Ke6 45. Bc5 Rbb7 46. Bxe7 Rxe7 47. Re8 Rxe8 48. Rxe8+ Kf5 49. Re7 Kg5 50. Rxg7+ Kxh5 51. Kf4 Bc4 52. g4+ Kh4 53. Rg6 h5 54. Rh6 Bf7 55. Rh7 Bg6 56. Rh6 Be8 57. Rxf6 hxg4 58. fxg4 Kh3 59. g5 Bd7 60. g6 Be6 61. Rxe6 Kh4 62. g7 Kh5 63. g8=Q 1-0


[Site "https://www.chess.com"]